 Dungeon Crawl Stone Soup version 0.21-a0-529-g8c7b3f5 (webtiles) character file.

2582 DemonicMitch the Martial Artist (level 9, -3/91 HPs)
             Began as a Demonspawn Hunter on Dec 10, 2017.
             Slain by a killer bee (8 damage)
             ... on level 8 of the Dungeon.
             The game lasted 00:13:35 (8765 turns).

DemonicMitch the Martial Artist (Demonspawn Hunter) Turns: 8765, Time: 00:13:36

Health: -3/91      AC: 14    Str: 18    XL:     9   Next: 32%
Magic:  9/14       EV: 12    Int: 11    God:
Gold:   506        SH:  0    Dex: 17    Spells: 8/8 levels left

rFire    . . .     SeeInvis .     - Unarmed
rCold    . . .     Gourm    .   (no shield)
rNeg     + + .     Faith    .   b - +3 leather armour
rPois    +         Spirit   .   v - +0 helmet
rElec    .         Reflect  .   o - +2 ratskin cloak {+Rats rPois rN+ Str-1 Int-1 Dex+1}
rCorr    .         Harm     .   (no gloves)
MR       .....                  x - +0 pair of boots
Stlth    ..........             (no amulet)
HPRegen  0.25/turn              e - ring of flight
MPRegen  0.14/turn              u - ring of positive energy

@: berserking (expiring), lethally poisoned (-3 -> -13), flying, very quick
A: claws 2, slimy green scales 2, nightstalker 1
a: Evoke Ratskin, Stop Flying


You were on level 8 of the Dungeon.
You were near starving.

You visited 2 branches of the dungeon, and saw 9 of its levels.

You collected 506 gold pieces.

Inventory:

Hand Weapons
 a - a +1 hand crossbow
 G - the +8 trident of the Octopus King {venom, rElec rPois MR+}
   (You found it on level 7 of the Dungeon)

   It poisons the flesh of those it strikes.
   It insulates you from electricity.
   It protects you from poison.
   It affects your resistance to hostile enchantments.
Missiles
 d - 62 bolts
Armour
 b - a +3 leather armour (worn)
 o - the +2 ratskin cloak (worn) {+Rats rPois rN+ Str-1 Int-1 Dex+1}
   (You found it on level 4 of the Dungeon)

   It affects your strength (-1).
   It affects your intelligence (-1).
   It affects your dexterity (+1).
   It protects you from poison.
   It protects you from negative energy.
 v - a +0 helmet (worn)
 x - a +0 pair of boots (worn)
 C - a +1 cloak
Magical Staves
 I - an uncursed staff of poison {unknown}
Jewellery
 e - a ring of flight (left claw)
 r - an uncursed ring of fire
 u - a ring of positive energy (right claw)
 F - an uncursed ring of fire
Wands
 D - a wand of digging (17)
Scrolls
 h - a scroll of immolation {unknown}
 i - 2 scrolls of fear {unknown}
 j - 2 scrolls of random uselessness {unknown}
 k - a scroll of amnesia {unknown}
 l - 9 scrolls of teleportation {unknown}
 m - 8 scrolls of identify
 w - 3 scrolls of enchant armour {unknown}
 E - 3 scrolls of blinking {unknown}
 K - a scroll of remove curse
Potions
 c - a potion of mutation
 n - a potion of flight
 p - a potion of curing
 A - a potion of lignification
 B - 2 potions of haste
Books
 y - a book of Alchemy

   Spells                             Type                      Level
   a - Sublimation of Blood           Necromancy                   2
   b - Ignite Poison                  Fire/Transmutation/Poison    3
   c - Petrify                        Transmutation/Earth          4
   d - Alistair's Intoxication        Transmutation/Poison         5
   e - Irradiate                      Conjuration/Transmutation    5
 H - a book of Callings

   Spells                             Type                      Level
   a - Summon Small Mammal            Summoning                    1
   b - Call Imp                       Summoning                    2
   c - Call Canine Familiar           Summoning                    3
   d - Summon Guardian Golem          Hexes/Summoning              3
   e - Summon Lightning Spire         Summoning/Air                4
   f - Summon Ice Beast               Ice/Summoning                4
Comestibles
 f - 3 bread rations
 q - 3 fruits
 s - 4 royal jellies
 t - 2 meat rations


   Skills:
 - Level 2.0 Fighting
 - Level 6.0 Crossbows
 - Level 1.7 Dodging
 - Level 0.8 Stealth
 + Level 8.1 Unarmed Combat
 + Level 7.3 Evocations


You had 8 spell levels left.
You didn't know any spells.

Dungeon Overview and Level Annotations

Branches:
Dungeon (8/15)             Temple (1/1) D:7
   Lair: D:8-11

Altars:
Ashenzari
Cheibriados
Dithmenos
Elyvilon
Fedhas
Kikubaaqudgha
Makhleb
Nemelex Xobeh
Qazlal
Ru
Sif Muna
Trog
Uskayaw
Vehumet
Wu Jian
Xom
Yredelemnul
Zin
The Shining One


Innate Abilities, Weirdness & Mutations

You have very sharp fingernails.
You are mostly covered in slimy green scales. (AC +3)
You are slightly more attuned to the shadows.


Message History

You are lethally poisoned!
The killer bee poisons you!
The killer bee stings you but does no damage.
You claw the wolf! x2
You kill the wolf!
* * * LOW HITPOINT WARNING * * *
You feel sick. The killer bee closely misses you. The wolf barely misses you.
The killer bee barely misses you.
Your river rat closely misses the killer bee.
You barely miss the killer bee.
* * * LOW HITPOINT WARNING * * *
You feel sick. The killer bee misses you. The killer bee stings you.
* * * LOW HITPOINT WARNING * * *
The killer bee closely misses you. The wolf bites you but does no damage.
The killer bee stings you.
* * * LOW HITPOINT WARNING * * *
You mangle the killer bee!!
You kill the killer bee!
The killer bee closely misses you. The killer bee stings you!
You die...

.......#
.......#######
#...........#
#$.........>#
#...........#
#...))).<...#
+.....))r)).#
#......)hy†.#
#.......@yh.#
#########†#.....
#.........#.....
#.........# ....
#.........# ....
####.##...# ...
#.##...######
#...........##
#.##..........


You could see 2 wolves, 2 killer bees and a friendly river rat.

Vanquished Creatures
  A hippogriff (D:3)
  Edmund (D:6)
  A water moccasin (D:5)
  An orc warrior (D:7)
  An ice beast (D:7)
  An ogre (D:4)
  A wolf (D:8)
  A centaur (D:6)
  2 bullfrogs (D:7)
  A water moccasin zombie (D:7)
  4 killer bees (D:8)
  2 howler monkeys
  2 crimson imps (D:5)
  3 hounds
  5 orc wizards
  3 orc priests
  A bullfrog skeleton (D:4)
  Jessica (D:3)
  An iguana (D:5)
  3 worker ants
  A hound zombie (D:7)
  A hound skeleton (D:6)
  Robin (D:2)
  10 adders
  A shadow imp (D:5)
  2 worms
  A dart slug (D:3)
  6 leopard geckos
  25 orcs
  4 giant cockroaches
  19 goblins
  8 hobgoblins
  17 jackals
  12 kobolds
  2 quokkas
  4 ball pythons
  12 bats
  5 frilled lizards
  2 quokka skeletons
  11 rats
  A spectral orc (D:7)
181 creatures vanquished.

Vanquished Creatures (collateral kills)
  Sigmund (D:5)
  An ice beast (D:5)
  A black bear (D:8)
  A phantom (D:4)
  An ogre (D:5)
  3 wights (D:8)
  A howler monkey (D:8)
  A crimson imp (D:5)
  An orc priest (D:4)
  A leopard gecko (D:5)
  9 orcs
  A jackal (D:5)
  A plant (D:4)
23 creatures vanquished.

Grand Total: 204 creatures vanquished

Notes
Turn   | Place    | Note
-------+----------+-------------------------------------------
     0 | D:1      | DemonicMitch the Demonspawn Hunter began the quest for the Orb.
     0 | D:1      | Reached XP level 1. HP: 16/16 MP: 1/1
   563 | D:1      | Gained mutation: You have sharp fingernails. [demonic ancestry]
   563 | D:1      | Reached XP level 2. HP: 20/22 MP: 2/2
  1379 | D:1      | Gained mutation: You are partially covered in slimy green scales. (AC +2) [demonic ancestry]
  1379 | D:1      | Reached XP level 3. HP: 27/27 MP: 3/3
  1386 | D:1      | Reached skill level 1 in Unarmed Combat
  2031 | D:2      | Found a stormy altar of Qazlal.
  2111 | D:2      | Reached XP level 4. HP: 30/33 MP: 4/4
  2190 | D:2      | Reached skill level 2 in Unarmed Combat
  2247 | D:2      | Noticed Robin
  2257 | D:2      | Killed Robin
  2518 | D:2      | Found an ancient bone altar of Kikubaaqudgha.
  2646 | D:3      | Reached skill level 5 in Crossbows
  2964 | D:3      | Gained mutation: You are slightly more attuned to the shadows. [demonic ancestry]
  2964 | D:3      | Reached XP level 5. HP: 22/38 MP: 5/5
  3172 | D:3      | Noticed Jessica
  3174 | D:3      | Found a shattered altar of Ashenzari.
  3179 | D:3      | Killed Jessica
  3211 | D:3      | Noticed a hippogriff
  3231 | D:3      | Killed a hippogriff
  3231 | D:3      | Reached skill level 3 in Unarmed Combat
  3231 | D:3      | Reached XP level 6. HP: 44/44 MP: 6/6
  4228 | D:4      | Reached skill level 4 in Unarmed Combat
  4234 | D:4      | Found the +2 ratskin cloak {+Rats rPois rN+ Str-1 Int-1 Dex+1}
  4733 | D:4      | Found a blossoming altar of Fedhas.
  4866 | D:4      | Reached skill level 1 in Evocations
  4866 | D:4      | Reached XP level 7. HP: 46/50 MP: 7/7
  5076 | D:4      | Reached skill level 5 in Unarmed Combat
  5208 | D:4      | Found a glowing silver altar of Zin.
  5478 | D:5      | Entered Level 5 of the Dungeon
  5864 | D:5      | Noticed Sigmund
  5918 | D:5      | Killed Sigmund
  5918 | D:5      | Gained mutation: You have very sharp fingernails. [demonic ancestry]
  5918 | D:5      | Reached XP level 8. HP: 36/56 MP: 4/11
  6153 | D:5      | Found a sacrificial altar of Ru.
  6170 | D:5      | Reached skill level 6 in Unarmed Combat
  6372 | D:5      | Found a bloodstained altar of Trog.
  6903 | D:6      | Reached skill level 5 in Evocations
  6905 | D:6      | Noticed Edmund
  6922 | D:6      | Killed Edmund
  7025 | D:6      | Found the -4 mace of Variability {chaos}
  7739 | D:7      | Reached skill level 7 in Unarmed Combat
  7800 | D:7      | Found the +8 trident of the Octopus King {venom, rElec rPois MR+}
  7846 | D:7      | Found a basalt altar of Yredelemnul.
  8062 | D:7      | Found a staircase to the Ecumenical Temple.
  8076 | Temple   | Entered the Ecumenical Temple
  8188 | D:7      | Found a burning altar of Makhleb.
  8362 | D:7      | Found a sparkling altar of Nemelex Xobeh.
  8402 | D:7      | Gained mutation: You are mostly covered in slimy green scales. (AC +3) [demonic ancestry]
  8402 | D:7      | Reached XP level 9. HP: 59/61 MP: 13/13
  8760 | D:8      | Reached skill level 8 in Unarmed Combat
  8765 | D:8      | Slain by a killer bee

Vault maps used:
D:1:      dpeg_arrival_three_same_balls
D:2:      grunt_qazlal_sundering, overflow_temple_1_default, uniq_robin
D:3:      cheibrodos_ashenzari_chains, first_bread, uniq_jessica
D:4:      overflow_temple_1_default, zin_treasury, serial_bayou,
          serial_bayou_pond_d, serial_bayou_lagoon_a, serial_bayou_pond_c,
          serial_bayou_pond_d
D:5:      nicolae_ru_great_annihilating_truth, bloody_trog, uniq_sigmund
D:6:      st_stairs_7, uniq_edmund
D:7:      overflow_temple_1_default, yredelemnul_forgotten_temple_becter,
          nemelex_xobeh_ov_fountains_minmay, minmay_temple_entry_trees
D:8:      nicolae_overflow_crystal_walls, okawaru_metal_pillars_1_2,
          nicolae_overflow_hidden_temple, basic_altar, uniq_grum, uniq_joseph,
          uniq_pikel
Temple:   jpeg_temple_island

Skill      XL: |  1  2  3  4  5  6  7  8  9 |
---------------+----------------------------+-----
Crossbows      | 4 5 6 |  6.0
Unarmed Combat | 1 2 3 4 5 7 8 |  8.1
Evocations     | 1 4 6 7 |  7.3
Fighting       | |  2.0
Dodging        | |  1.7
Stealth        | |  0.8

Action                   |  1- 3 |  4- 6 |  7- 9 || total
-------------------------+-------+-------+-------++-------
Melee: Short sword       |    92 |       |       ||    92
       Unarmed           |       |   224 |   332 ||   556
       Punch             |       |     1 |     8 ||     9
 Fire: Hand crossbow     |    82 |    35 |       ||   117
 Abil: Evoke Ratskin     |       |       |    22 ||    22
       Evoke Flight      |       |       |     3 ||     3
  Use: Scroll            |       |     1 |     6 ||     7
       Potion            |       |     4 |     3 ||     7
 Stab: Sleeping          |       |     2 |    10 ||    12
       Distracted        |       |       |     1 ||     1
       Paralysed         |       |       |     1 ||     1
  Eat: Chunk             |     4 |     4 |    16 ||    24
       Bread ration      |       |     1 |       ||     1
       Royal jelly       |       |       |     1 ||     1
Armor: Leather armour    |    33 |   106 |   183 ||   322
       Skin              |       |    28 |       ||    28
Dodge: Dodged            |    99 |   160 |   281 ||   540

Table legend:
 A = Spawn XP
 B = Non-spawn XP
 C = Spawn XP percentage of total XP
 D = Spawn monster count
 E = Non-spawn monster count
 F = Spawn count percentage of total count
 G = Total turns spent on level
                    A         B        C        D         E        F      G
               +---------+---------+-------+---------+---------+-------+---------
         Total |       0 |    3689 |   0.0 |       0 |     203 |   0.0 |  8765
               +---------+---------+-------+---------+---------+-------+---------
           D:1 |       0 |      54 |   0.0 |       0 |      35 |   0.0 |  1728
           D:2 |       0 |     113 |   0.0 |       0 |      38 |   0.0 |   892
           D:3 |       0 |     393 |   0.0 |       0 |      27 |   0.0 |  1578
           D:4 |       0 |     453 |   0.0 |       0 |      22 |   0.0 |  1280
           D:5 |       0 |     832 |   0.0 |       0 |      27 |   0.0 |  1407
           D:6 |       0 |     485 |   0.0 |       0 |      16 |   0.0 |   831
           D:7 |       0 |     632 |   0.0 |       0 |      12 |   0.0 |   749
           D:8 |       0 |     727 |   0.0 |       0 |      26 |   0.0 |   231
               +---------+---------+-------+---------+---------+-------+---------
